 Dungeon Crawl Stone Soup version 0.17-a0-1863-g715b4b0 (webtiles) character file.

100 Goblin1989 the Chopper (level 4, -2/37 HPs)
             Began as a Hill Orc Gladiator on Sept 21, 2015.
             Was an Initiate of Makhleb.
             Slain by Zooty's ghost (5 damage)
             ... on level 3 of the Dungeon.
             The game lasted 00:05:52 (2034 turns).

Goblin1989 the Chopper (Hill Orc Gladiator)         Turns: 2034, Time: 00:05:52

Health: -2/37      AC:  6    Str: 17    XL:     4   Next: 74%
Magic:  4/4        EV: 11    Int:  8    God:    Makhleb [......]
Gold:   153        SH:  0    Dex: 12    Spells: 0 memorised, 3 levels left

rFire  . . .     SeeInvis .     a - +0 war axe
rCold  . . .     Clarity  .     m - +0 ring mail
rNeg   + . .     SustAt   .     (no shield)
rPois  .         Gourm    .     c - +0 helmet
rElec  .         Spirit   .     (no cloak)
rCorr  .         Warding  +     (no gloves)
rMut   .         Stasis   .     (no boots)
MR     .....                    p - amulet of warding
Stlth  +.........               (no ring)
                                (no ring)

@: not resistant to hostile enchantments, very unstealthy
A: no striking features
a: Renounce Religion


You were on level 3 of the Dungeon.
You worshipped Makhleb.
Makhleb was noncommittal.
You were full.

You visited 1 branch of the dungeon, and saw 3 of its levels.

You collected 153 gold pieces.

Inventory:

Hand weapons
 a - a +0 war axe (weapon)
Missiles
 d - 3 throwing nets (quivered)
Armour
 c - a +0 helmet (worn)
 m - a +0 ring mail (worn)
Jewellery
 p - an amulet of warding (around neck)
Magical devices
 v - a wand of flame (12)
Scrolls
 g - 3 scrolls of teleportation {unknown}
 h - a scroll of noise {unknown}
 i - 4 scrolls of identify {unknown}
 j - a scroll of enchant armour {unknown}
 l - a scroll of remove curse {unknown}
 n - 2 scrolls of random uselessness {unknown}
Potions
 f - 2 potions of cure mutation {unknown}
 o - a potion of heal wounds {unknown}
 q - a potion of haste {unknown}
 r - a potion of mutation {unknown}
 s - a potion of degeneration {unknown}
 t - a potion of curing {unknown}
Comestibles
 b - a slice of pizza
 e - a bread ration
 k - 6 meat rations
 u - 4 fruits
 w - 3 chunks of flesh


   Skills:
 - Level 2.4 Fighting
 + Level 7.0 Axes
 - Level 2.0 Throwing
 - Level 2.4 Dodging


You had 3 spell levels left.
You didn't know any spells.

Dungeon Overview and Level Annotations

Branches:
Dungeon (3/15)

Altars:
Makhleb
Vehumet

Annotations:
D:3 Zooty's ghost, average NaFi


Message History

Zooty's ghost is moderately damaged.
Zooty's ghost hits you but does no damage.
You barely miss Zooty's ghost.
Zooty's ghost is moderately damaged.
Zooty's ghost barely misses you.
You slash Zooty's ghost!
Zooty's ghost is heavily damaged.
Zooty's ghost barely misses you.
You slash Zooty's ghost!
Zooty's ghost is almost destroyed.
Zooty's ghost hits you!
You completely miss Zooty's ghost.
Zooty's ghost is almost destroyed.
Zooty's ghost barely misses you. Zooty's ghost hits you!
* * * LOW HITPOINT WARNING * * *
You hit Zooty's ghost.
Zooty's ghost is almost destroyed.
Zooty's ghost wails, "You will never get the ORB!"
Zooty's ghost hits you.
You die...

..[W....'..#.# #.##........#
........#..#.###.........###
........#.r#.............#
.......##..#.........#####
..#######..#..........# ..#
#....r...#.#.## ..#
##.#####.#.#.# ..# #..
#W#.#.# ### ### #@#.#.#
#...#...# #####


You could see Zooty's ghost.

Vanquished Creatures
  3 adders
  6 giant geckos
  A ball python (D:2)
  8 bats
  3 giant cockroaches (D:1)
  6 hobgoblins
  8 jackals
  6 kobolds
  4 giant newts
  9 goblins
  11 rats
65 creatures vanquished.

Vanquished Creatures (others)
  A giant gecko (D:2)
  3 jackals (D:2)
4 creatures vanquished.

Grand Total: 69 creatures vanquished

Notes
Turn   | Place    | Note
--------------------------------------------------------------
     0 | D:1      | Goblin1989 the Hill Orc Gladiator began the quest for the Orb.
     0 | D:1      | Reached XP level 1. HP: 18/18 MP: 1/1
    90 | D:1      | Reached XP level 2. HP: 11/25 MP: 2/2
   380 | D:1      | Reached skill level 5 in Axes
   430 | D:1      | Reached XP level 3. HP: 22/30 MP: 3/3
   915 | D:2      | Reached skill level 6 in Axes
  1049 | D:2      | Reached XP level 4. HP: 34/37 MP: 4/4
  1275 | D:2      | Found a burning altar of Makhleb.
  1280 | D:2      | Became a worshipper of Makhleb the Destroyer
  1905 | D:3      | Found a radiant altar of Vehumet.
  1991 | D:3      | Noticed Zooty's ghost (average NaFi)
  2013 | D:3      | Reached skill level 7 in Axes
  2034 | D:3      | Slain by Zooty's ghost

Vault maps used:
D:1:      dpeg_arrival_arbitrary_b, minmay_three_crescents
D:2:      lemuel_crystal_altar, lemuel_old_faithful
D:3:      lemuel_crystal_altar, vehumet_altar_wand_db,
          gammafunk_temple_overflow_pools, first_bread

Action                   |  1- 3 |  4- 6 || total
-------------------------+-------+-------++-------
Melee: War axe           |   131 |    55 ||   186
  Eat: Chunk             |       |     4 ||     4
       Bread ration      |       |     1 ||     1
